AoeStats
← Blitzkrieg

Arena

509875636Analyzed
1v1 RM · 2d ago on Sep 28, 2026· 37m 21s· 2 players
Game mode
Random Map
Map size
Tiny (2 player)
Population
200
Speed
Normal
Resources
Standard
Victory
Conquest
Starting age
Dark Age
Ending age
Imperial Age
RankedLock teamsTeams togetherTeam positionsShared explorationLock speedFull tech treeHidden civsTurbo modeCheats
Victory
Defeat
🇩🇰 Huns · Denmark
764
+39
🇩🇪 Khmer · Germany
795
-17
Redfalcon
2:58 Loom
8:49 Feudal Age
9:16 Double-Bit Axe
11:50 Horse Collar
14:43 Wheelbarrow
18:44 Castle Age
18:48 Elite Skirmisher
19:51 Pikeman
23:27 Heavy Plow
26:28 Hand Cart
26:00 Town Watch
26:37 Bloodlines
26:38 Scale Barding Armor
28:07 Gold Mining
30:57 Chain Barding Armor
32:18 Bow Saw
33:17 Husbandry
33:11 Fletching
34:15 Bodkin Arrow
36:32 Forging
Blitzkrieg
9:58 Feudal Age
15:21 Castle Age
13:55 Double-Bit Axe
14:00 Horse Collar
15:07 Bloodlines
28:53 Marauders
29:46 Bow Saw
29:38 Heavy Plow
31:59 Thumb Ring
35:08 Husbandry
36:17 Pikeman
Connection lost

Rejoining the realm…

Still unreachable

The connection could not be restored.

Session expired

The server has moved on; the page needs a fresh start.